 Dungeon Crawl Stone Soup version 0.23.2 (webtiles) character file.

Game seed: 10389243333483349594

59 Illumine the Jinx (level 3, 0/19 HPs)
             Began as a Deep Elf Enchanter on Oct 17, 2019.
             Succumbed to an adder's poison
             ... on level 2 of the Dungeon.
             The game lasted 00:07:08 (1267 turns).

Illumine the Jinx (Deep Elf Enchanter)              Turns: 1267, Time: 00:07:08

Health: 0/19       AC:  3    Str:  5    XL:     3   Next: 78%
Magic:  9/14       EV: 22    Int: 22    God:
Gold:   90         SH:  0    Dex: 20    Spells: 16/17 levels left

rFire    . . .     SeeInvis .   a - +1 dagger
rCold    . . .     Gourm    .   (no shield)
rNeg     . . .     Faith    .   b - +0 robe
rPois    .         Spirit   .   f - +0 helmet
rElec    .         Reflect  .   (no cloak)
rCorr    .         Harm     .   (no gloves)
MR       .....                  (no boots)
Stlth    ++++......             (no amulet)
HPRegen  0.06/turn              l - ring of wizardry
MPRegen  0.14/turn              k - +2 ring of intelligence

@: agile, lethally poisoned (0 -> -5)
A: no striking features
a: no special abilities


You were on level 2 of the Dungeon.
You were not hungry.

You visited 1 branch of the dungeon, and saw 2 of its levels.

You collected 90 gold pieces.

Inventory:

Hand Weapons
 a - a +1 dagger (weapon)
 e - a +0 club
Missiles
 i - 19 stones (quivered)
 n - 13 poisoned needles
Armour
 b - a +0 robe (worn)
 f - a +0 helmet (worn)
Jewellery
 j - an uncursed ring of see invisible
 k - a +2 ring of intelligence (right hand)
 l - a ring of wizardry (left hand)
Scrolls
 c - a scroll of magic mapping {unknown}
 g - 2 scrolls of identify
 h - 3 scrolls of teleportation
Comestibles
 d - 6 rations


   Skills:
 - Level 1.0 Short Blades
 + Level 6.9 Dodging
 - Level 3.6 Stealth
 + Level 7.7 Spellcasting
 + Level 8.2 Hexes


You had 16 spell levels left.
You knew the following spells:

 Your Spells              Type           Power        Failure   Level  Hunger
a - Corona                Hex            #####..      1%          1    None

Your spell library contained the following spells:

 Spells                   Type           Power        Failure   Level  Hunger
 Ensorcelled Hibernation  Hex/Ice        ####..       1%          2    None
 Confuse                  Hex            #####...     1%          3    None
 Dazzling Spray           Conj/Hex       ####..       1%          3    None
 Tukima's Dance           Hex            #####...     1%          3    None


Dungeon Overview and Level Annotations

Branches:
Dungeon (2/15)

Altars:
Yredelemnul


Message History

The adder misses you.
It was a potion of experience.
You feel more experienced!
Your Dodging skill gained 3 levels and is now at level 6!
Your Spellcasting skill gained 4 levels and is now at level 7!
Your Hexes skill gained 4 levels and is now at level 8!
You have reached level 3!
Your experience leads to an increase in your attributes!
Your base attributes are Str 5, Int 19, Dex 15.
Increase (S)trength, (I)ntelligence, or (D)exterity?
You feel clever.
* * * LOW HITPOINT WARNING * * *
You feel sick. The adder bites you.
* * * LOW HITPOINT WARNING * * *
You aren't carrying any potions.
As you read the scroll labeled XANODITZYLL, it crumbles to dust.
It is a scroll of identify.
h - 3 scrolls of teleportation The adder misses you.
The adder barely misses you.
You die...

#. ###. ####(.
#....# #....#
#....# #....#
#....#### .. #
#.@.S...# .. #
#.###...# #+#. #
#.# #...#### ...###
#<# #..(...# ..#...
#.# #>#)#..# .....#
..###.#.#..##+##...
.###..#.#........##
.. #.##...##.###†.#
#.# #.###..##.#
##..


You could see an adder.

Vanquished Creatures
  A worm (D:2)
  A dart slug (D:2)
  A leopard gecko (D:1)
  2 bats (D:1)
  2 giant cockroaches
  3 goblins
  A hobgoblin (D:2)
  2 kobolds
  5 rats
18 creatures vanquished.

Notes
Turn   | Place    | Note
-------+----------+-------------------------------------------
     0 | D:1      | Illumine the Deep Elf Enchanter began the quest for the
                  | Orb.
     0 | D:1      | Reached XP level 1. HP: 10/10 MP: 6/6
   671 | D:1      | Reached XP level 2. HP: 15/15 MP: 6/8
  1169 | D:2      | Found a basalt altar of Yredelemnul.
  1265 | D:2      | Reached skill level 8 in Hexes
  1265 | D:2      | Reached XP level 3. HP: 5/19 MP: 9/14
  1267 | D:2      | Succumbed to an adder's poison

Skill      XL: |  1  2 |
---------------+-------+-----
Dodging        | 6 |  6.9
Spellcasting   | 7 |  7.7
Hexes          | 8 |  8.2
Short Blades   | |  1.0
Stealth        | |  3.6

Action                   || total
-------------------------++-------
Melee: Dagger            ||    51
Throw: Stone             ||    15
       Throwing net      ||     2
 Cast: Corona            ||    14
  Use: Potion            ||     2
       Scroll            ||     1
 Stab: Sleeping          ||     4
       Held in net/web   ||     2
  Eat: Chunk             ||     1
Armor: Robe              ||    10
Dodge: Dodged            ||    45
